 Dungeon Crawl Stone Soup version 0.28.0 (webtiles) character file.

Game seed: 16690418499989686260

73 crazypyro the Skirmisher (level 4, -2/48 HPs)
             Began as an Ogre Wanderer on Feb 16, 2022.
             Was a Follower of Okawaru.
             Slain by Ijyb (8 damage)
             ... on level 3 of the Dungeon.
             The game lasted 00:02:29 (1938 turns).

crazypyro the Skirmisher (Ogre Wanderer)            Turns: 1938, Time: 00:02:30

Health: -2/48      AC:  4    Str: 19    XL:     4   Next: 27%
Magic:  4/4        EV:  9    Int: 11    God:    Okawaru [*.....]
Gold:   48         SH:  0    Dex:  9    Spells: 3/3 levels left

rFire   . . .      SeeInvis .   a - +3 quarterstaff
rCold   . . .      Faith    .   (shield currently unavailable)
rNeg    . . .      Spirit   .   d - +0 robe
rPois   .          Reflect  .   h - +1 hat
rElec   .          Harm     .   (no cloak)
rCorr   .          Rampage  .   (gloves unavailable)
Will    .....                   (boots unavailable)
Stlth   +.........              (no amulet)
HPRegen 0.16/turn               (no ring)
MPRegen 0.09/turn               (no ring)

@: no status effects
A: large, unfitting armour, tough skin 1
a: Renounce Religion, Heroism


You were on level 3 of the Dungeon.
You worshipped Okawaru.
Okawaru was aware of your devotion.
You visited 1 branch of the dungeon, and saw 3 of its levels.

You collected 48 gold pieces.

Inventory:

Hand Weapons
 a - a +3 quarterstaff (weapon)
 b - a +0 hunting sling
 f - a +0 hunting sling of freezing
Missiles
 c - 7 sling bullets
 g - 47 stones (quivered)
Armour
 d - a +0 robe (worn)
 h - a +1 hat (worn)
Scrolls
 e - 3 scrolls of identify {unknown}
 i - a scroll of immolation {unknown}
 m - a scroll of noise {unknown}
Potions
 j - a potion of curing {unknown}
 k - a potion of might
 l - a potion of heal wounds {unknown}
 n - a potion of haste {unknown}
 o - a potion of brilliance {unknown}


   Skills:
 + Level 3.7 Fighting
 * Level 2.7 Staves
 - Level 2.0(2.1) Slings
 - Level 1.1(2.1) Throwing
 + Level 1.9 Dodging
 - Level 1.4 Stealth


You had 3 spell levels left.
You didn't know any spells.
Your spell library contained the following spells:

 Spells                   Type           Power      Damage    Failure   Level
 Pain                     Necr           0%         1d4       34%         1
 Sublimation of Blood     Necr           0%         N/A       47%         2
 Wereblood                Tmut           0%         N/A       47%         2
 Agony                    Necr           0%         N/A       100%        5
 Excruciating Wounds      Necr           0%         N/A       100%        5
 Summon Hydra             Summ           Unusable   N/A       N/A         7

Dungeon Overview and Level Annotations

Branches:
Dungeon (3/15)

Altars:
Okawaru

Annotations:
D:3 Ijyb


Innate Abilities, Weirdness & Mutations

You are too large for most types of armour.
You have tough skin. (AC +1)


Message History

No target in view!
No target in view!
Found a stone staircase leading down.
Found 16 arrows.
o - a sapphire potion
Found 5 boomerangs.
Ijyb the Twisted Goblin comes into view.
She is wielding a +0 dagger and carrying a wand of iceblast (4).
Ijyb shouts!
Ijyb drinks a potion.
Ijyb seems to grow stronger.
You barely miss Ijyb. Ijyb hits you with a +0 dagger.
You hit Ijyb but do no damage. Ijyb hits you with a +0 dagger!
You hit Ijyb but do no damage. Ijyb hits you with a +0 dagger!
Ijyb hits you with a +0 dagger.
You are too injured to fight recklessly!
You are too injured to fight recklessly!
You are too injured to fight recklessly!
You are too injured to fight recklessly!
You sock Ijyb!
Ijyb is heavily wounded.
Ijyb hits you with a +0 dagger.
You hit Ijyb.
Ijyb is heavily wounded.
Ijyb hits you with a +0 dagger.
* * * LOW HITPOINT WARNING * * *
You barely miss Ijyb.
Ijyb is heavily wounded.
Ijyb hits you with a +0 dagger.
* * * LOW HITPOINT WARNING * * *
You barely miss Ijyb.
Ijyb is heavily wounded.
Ijyb hits you with a +0 dagger.
* * * LOW HITPOINT WARNING * * *
You closely miss Ijyb.
Ijyb is heavily wounded.
Ijyb barely misses you. Ijyb hits you with a +0 dagger.
* * * LOW HITPOINT WARNING * * *
You barely miss Ijyb.
Ijyb is heavily wounded.
Ijyb hits you with a +0 dagger!
You die...

############
##..........###########
.....................>#
##..................#.#
#..........#######.#.#
#.(........#<# #...#.#
#..........#.###.###.#
#..........#.#<....#.#
#........@.#.###.#.#.#
#........g.#.# #.#.#.#
##...##...(#.# #.#.#.#
.... #....#.# #.#.#.#
... #....#.# #.#.#.#
#....#.# #.#...#
#....#.# #.#####
#....#.###.#
#....#.....###


You could see Ijyb (strong).

Vanquished Creatures
  2 adders (D:2)
  A worm (D:2)
  3 dart slugs
  3 ball pythons
  2 bats
  3 endoplasms
  A giant cockroach (D:1)
  6 goblins
  5 hobgoblins
  6 jackals
  3 kobolds
  2 frilled lizards
  5 rats
42 creatures vanquished.

Vanquished Creatures (others)
  A fungus (D:2)
1 creature vanquished.

Grand Total: 43 creatures vanquished

Notes
Turn   | Place    | Note
-------+----------+-------------------------------------------
     0 | D:1      | crazypyro the Ogre Wanderer began the quest for the Orb.
     0 | D:1      | crazypyro set off with the following items: a +3
                  | quarterstaff, a +0 hunting sling, 17 sling bullets, a +0
                  | robe
     0 | D:1      | Reached XP level 1. HP: 22/22 MP: 1/1
    61 | D:1      | Reached skill level 3 in Fighting
    61 | D:1      | Reached XP level 2. HP: 24/31 MP: 2/2
   791 | D:1      | Reached XP level 3. HP: 37/37 MP: 3/3
  1392 | D:2      | Found a faded altar of an unknown god.
  1424 | D:2      | Prayed at the altar of an unknown god.
  1424 | D:2      | Became a worshipper of Warmaster Okawaru
  1424 | D:2      | Reached * piety under Okawaru
  1515 | D:2      | Reached XP level 4. HP: 42/46 MP: 4/4
  1925 | D:3      | Noticed Ijyb
  1938 | D:3      | Slain by Ijyb

Illustrated notes

Levels and vault maps discovered:
D:1:      matt_arrival_diagonals, layout_loops_cross
D:2:      layout_rooms, shapermc_ecumenical_altar_acropolis
D:3:      layout_basic, nicolae_overflow_ecumenical_swirl, marbit_many_paths,
          minmay_snake_closets, uniq_ijyb

Skill      XL: |  1  2  3  4 |
---------------+-------------+-----
Fighting       | 3 |  3.7
Slings         | 2 |  2.0
Staves         | |  2.7
Throwing       | |  1.1
Dodging        | |  1.9
Stealth        | |  1.4

Action                   |  1- 3 |  4- 6 || total
-------------------------+-------+-------++-------
Melee: Quarterstaff      |    80 |    18 ||    98
 Fire: Hunting sling     |    41 |       ||    41
 Stab: Distracted        |     1 |       ||     1
       Sleeping          |     1 |       ||     1
Armor: Robe              |    40 |     3 ||    43
Dodge: Dodged            |    55 |     4 ||    59
